 Dungeon Crawl Stone Soup version 0.31-a0-145-g046c7d2549 (webtiles) character file.

Game seed: 14536717597548501479

3424 lessens the Basher (level 10, -2/70 HPs)
             Began as a Formicid Fighter on June 4, 2023.
             Was a Follower of Okawaru.
             Slain by a two-headed ogre
             ... wielding a +0 giant club
              (20 damage)
             ... on level 8 of the Dungeon on June 5, 2023.
             The game lasted 00:10:30 (6369 turns).

lessens the Basher (Formicid Fighter)               Turns: 6369, Time: 00:10:30

Health: -2/70      AC: 19    Str: 25    XL:     10   Next: 25%
Magic:  10/10      EV: 10    Int:  8    God:    Okawaru [*.....]
Gold:   321        SH:  5    Dex: 13    Spells: 9/9 levels left

rFire   . . .        G - +2 dire flail
rCold   . . .        c - +0 buckler
rNeg    . . .        o - +8 ring mail of the Turtle {rElec Stlth+}
rPois   .            (helmet unavailable)
rElec   +            H - +0 cloak
rCorr   +            (no gloves)
SInv    +            (no boots)
Will    +....        (no amulet)
Stlth   ++           t - +4 ring of protection
HPRegen 0.31/turn    s - ring of resist corrosion
MPRegen 0.12/turn

%: no passive effects
@: mighty
A: permanent stasis, dig shafts and tunnels, antennae 3, four strong arms
a: Dig, Shaft Self, Renounce Religion, Heroism


You were on level 8 of the Dungeon.
You worshipped Okawaru.
Okawaru was aware of your devotion.
You visited 2 branches of the dungeon, and saw 9 of its levels.

You collected 416 gold pieces.
You spent 95 gold pieces at shops.

Inventory:

Hand Weapons
 a - a +0 flail
 B - a +0 giant spiked club
 G - a +2 dire flail (weapon)
Missiles
 e - 6 curare-tipped darts
 n - 25 stones
 p - 3 atropa-tipped darts
 u - 3 poisoned darts
 x - 6 boomerangs
 z - a throwing net
Armour
 b - a +0 scale mail
 c - a +0 buckler (worn)
 o - the +8 ring mail of the Turtle (worn) {rElec Stlth+}
   (You found it on level 2 of the Dungeon)

   rElec:     It insulates you from electricity.
   Stlth:     It makes you more stealthy.
 H - a +0 cloak (worn)
Jewellery
 h - an amulet of magic regeneration
 s - a ring of resist corrosion (right hand)
 t - a +4 ring of protection (left hand)
 y - a ring of positive energy
Scrolls
 g - 2 scrolls of vulnerability {unknown}
 k - 2 scrolls of fog {unknown}
 m - 6 scrolls of identify
 q - a scroll of acquirement {unknown}
 r - 3 scrolls of magic mapping
 v - 2 scrolls of fear
 w - a scroll of brand weapon {unknown}
 C - a scroll of silence {unknown}
 D - 2 scrolls of poison
 E - 2 scrolls of amnesia {unknown}
 F - 2 scrolls of teleportation {unknown}
Potions
 f - 2 potions of curing
 i - a potion of brilliance {unknown}
 j - 2 potions of haste
 l - 7 potions of heal wounds
 A - a potion of degeneration {unknown}
 I - a potion of enlightenment {unknown}


   Skills:
 - Level 3.3 Fighting
 * Level 12.8 Maces & Flails
 + Level 6.9 Armour
 - Level 4.0 Shields


You had 9 spell levels left.
You didn't know any spells.
Your spell library contained the following spells:

 Spells                   Type           Power      Damage    Failure   Level
 Ozocubu's Armour         Ice            0%         N/A       92%         3
 Portal Projectile        Hex/Tloc       0%         N/A       92%         3
 Anguish                  Hex/Necr       0%         N/A       100%        4
 Cause Fear               Hex            0%         N/A       100%        4
 Leda's Liquefaction      Hex/Erth       0%         N/A       100%        4
 Metabolic Englaciation   Hex/Ice        0%         N/A       100%        5
 Enfeeble                 Hex            0%         N/A       100%        7
 Call Canine Familiar     Summ           Unusable   N/A       N/A         3
 Simulacrum               Ice/Necr       Unusable   N/A       N/A         6

Dungeon Overview and Level Annotations

Branches:
Dungeon (8/15) Zot: 26913  Temple (1/1) D:7 Zot: 5953
   Lair: D:8-11

Altars:
Ashenzari
Elyvilon
Gozag
Kikubaaqudgha
Okawaru
Sif Muna
Wu Jian
The Shining One

Shops:
D:1 !   D:3 *

Annotations:
D:4 1 runed translucent door, 2 exclusions, Crazy Yiuf


Innate Abilities, Weirdness & Mutations

You cannot be hasted, slowed, berserked, paralysed or teleported.
You can dig through walls and to a lower floor.
You have a pair of large antennae on your head. (SInv)
Your four strong arms can wield two-handed weapons with a shield.


Message History

The troll is almost dead.
You hit the troll.
The troll is almost dead.
The troll bites you! The troll barely misses you. The troll claws you.
You sock the troll!
You kill the troll!
Okawaru accepts your kill.
An entropy weaver comes into view.
The entropy weaver shouts!
You sock the cyclops!
The cyclops is lightly wounded.
You hear a shout!
A water moccasin comes into view.
The water moccasin hisses angrily.
You impale the cyclops!!
The cyclops is heavily wounded.
The cyclops hits you but does no damage.
You puncture the cyclops!
The cyclops is severely wounded.
You impale the cyclops!!
You kill the cyclops!
Okawaru accepts your kill.
The entropy weaver changes into a spriggan!
You puncture the two-headed ogre!
The two-headed ogre is moderately wounded.
The two-headed ogre closely misses you. You block the two-headed ogre's attack.
You bludgeon the two-headed ogre!!
The two-headed ogre is severely wounded.
You completely miss the two-headed ogre.
The two-headed ogre is severely wounded.
The two-headed ogre hits you but does no damage.
The two-headed ogre hits you with a +0 giant spiked club!
You bludgeon the two-headed ogre!!
The two-headed ogre is almost dead.
You barely miss the two-headed ogre.
The two-headed ogre is almost dead.
The two-headed ogre hits you with a +0 giant club!
* * * LOW HITPOINT WARNING * * *
The two-headed ogre hits you with a +0 giant spiked club!!
You die...

#.................# #.
#.....#####.#.##### #.
#.....# #...##### ##
..##....# #..###...
..=#.
#....#####..#.....
....#.............#...
iS##.......#.##....#
#O#.#..##......####
#@.#.####...###
...........#.....##
#.....#..#.#.###.#
#........#.#.##..#
##.#.....#<..##.## #
....>.#..#.....#
.....$....#.....#
#>#(...[##.#...###
..... #.#..##


You could see a two-headed ogre, a water moccasin and a spriggan shaped shifter.

Vanquished Creatures
  A cyclops (D:8)
  A troll (D:8)
  A wyvern (D:8)
  2 steam dragons
  An acid dragon (D:8)
  A black bear (D:4)
  An orc warrior (D:7)
  3 ice beasts
  An ogre (D:5)
  A centaur (D:8)
  Blork the orc (D:6)
  4 bullfrogs
  5 wights (D:7)
  A howler monkey (D:6)
  3 jellies
  6 orc priests
  3 gnoll boudas
  A hound (D:6)
  2 iguanas
  A sleepcap (D:6)
  13 orc wizards
  6 adders
  14 gnolls
  3 white imps
  2 worms
  4 dart slugs
  29 orcs
  7 ball pythons
  7 endoplasms
  7 goblins
  7 hobgoblins
  5 jackals
  4 kobolds
  4 quokkas
  5 bats
  6 frilled lizards
  2 rats
165 creatures vanquished.

Notes
Turn   | Place    | Note
-------+----------+-------------------------------------------
     0 | D:1      | lessens the Formicid Fighter began the quest for the Orb.
     0 | D:1      | Reached XP level 1. HP: 18/18 MP: 1/1
    76 | D:1      | Reached XP level 2. HP: 24/24 MP: 2/2
   104 | D:1      | Reached skill level 3 in Maces & Flails
   227 | D:1      | Reached XP level 3. HP: 28/29 MP: 3/3
   393 | D:1      | Found a transporter.
   393 | D:1      | Found Arosek's Distillery.
   430 | D:1      | Found a transporter.
   652 | D:1      | Found a faded altar of an unknown god.
   765 | D:1      | Bought a potion of heal wounds for 55 gold pieces
   970 | D:2      | Found an ornate altar of the Wu Jian Council.
   979 | D:2      | Identified the +8 ring mail of the Turtle {rElec Stlth+}
  1129 | D:2      | Reached skill level 4 in Maces & Flails
  1129 | D:2      | Reached XP level 4. HP: 29/35 MP: 4/4
  1771 | D:2      | Reached XP level 5. HP: 26/41 MP: 5/5
  1840 | D:3      | Reached skill level 5 in Maces & Flails
  1971 | D:3      | Found Rogoph's General Store.
  1978 | D:3      | Bought a scroll of fear for 40 gold pieces
  2176 | D:3      | Reached XP level 6. HP: 47/47 MP: 6/6
  2236 | D:3      | Reached skill level 6 in Maces & Flails
  2440 | D:4      | Noticed a black bear
  2462 | D:4      | Killed a black bear
  2668 | D:4      | Reached skill level 7 in Maces & Flails
  2668 | D:4      | Reached XP level 7. HP: 48/52 MP: 7/7
  2945 | D:4      | Found a broken altar of Ashenzari.
  3367 | D:4      | Reached skill level 8 in Maces & Flails
  3411 | D:4      | Found a runed translucent door.
  3412 | D:4      | Noticed Crazy Yiuf
  3489 | D:5      | Entered Level 5 of the Dungeon
  3588 | D:5      | Reached XP level 8. HP: 47/58 MP: 8/8
  3643 | D:4      | Reached skill level 9 in Maces & Flails
  4289 | D:6      | Reached skill level 10 in Maces & Flails
  4856 | D:6      | Noticed Blork the orc
  4866 | D:6      | Killed Blork the orc
  4867 | D:6      | Reached XP level 9. HP: 51/64 MP: 9/9
  5300 | D:7      | Reached skill level 11 in Maces & Flails
  5452 | D:7      | Found a staircase to the Ecumenical Temple.
  5461 | Temple   | Entered the Ecumenical Temple
  5487 | Temple   | Became a worshipper of Warmaster Okawaru
  5520 | D:7      | Reached skill level 5 in Armour
  6338 | D:8      | Noticed a troll
  6340 | D:8      | Noticed a cyclops
  6343 | D:8      | Reached skill level 12 in Maces & Flails
  6344 | D:8      | Reached * piety under Okawaru
  6350 | D:8      | Noticed a two-headed ogre
  6354 | D:8      | Reached XP level 10. HP: 68/70 MP: 10/10
  6358 | D:8      | Noticed an entropy weaver
  6363 | D:8      | Killed a cyclops
  6363 | D:8      | an entropy weaver changed into a spriggan
  6369 | D:8      | Slain by a two-headed ogre

Illustrated notes

Levels and vault maps discovered:
D:1:      ebering_trefoil_twist, layout_basic, serial_shops,
          nicolae_shop_drivethru, dilly_ecumenical_altar_fadedgnrine
D:2:      layout_loops_ring, basic_altar, chequers_serial_rivers_micro_b,
          minmay_misc_feat_iff
D:3:      layout_basic, serial_shops, shop
D:4:      layout_loops_ring, mainiacjoe_overflow_concentric_impassable,
          uniq_crazy_yiuf_cottage
D:5:      layout_rooms, chequers_serial_rivers_marsh, minmay_misc_feat_alley
D:6:      layout_basic, uniq_blork_the_orc
D:7:      layout_basic, minmay_temple_entry_stoned_glass
D:8:      layout_rooms, minmay_pinched_square
Temple:   minmay_crystal_snake_temple

Skill      XL: |  1  2  3  4  5  6  7  8  9 |
---------------+----------------------------+-----
Maces & Flails | 3 4 5 7 8 10 12 | 12.8
Armour         | 6 |  6.9
Fighting       | |  3.3
Shields        | |  4.0

Action                     |  1- 3 |  4- 6 |  7- 9 | 10-12 || total
---------------------------+-------+-------+-------+-------++-------
  Melee: Flail             |    86 |   158 |   299 |       ||   543
         Dire flail        |       |       |    99 |    14 ||   113
    Use: Potion            |       |       |     5 |       ||     5
         Scroll            |       |       |     2 |       ||     2
   Stab: Sleeping          |       |     3 |     1 |       ||     4
 Armour: Scale mail        |    34 |       |       |       ||    34
         Ring mail         |     8 |    89 |   171 |     3 ||   271
  Dodge: Dodged            |    34 |    70 |   165 |     3 ||   272
  Block: Buckler           |    23 |    33 |    90 |     2 ||   148

Table legend: (Time is in decaauts)
 A = Elapsed time spent in this place.
 B = Non-inter-level travel time spent in this place.
 C = Inter-level travel time spent in this place.
 D = Time resting spent in this place.
 E = Time spent auto-exploring this place.
 F = Levels seen in this place.
 G = Mean time per level.
                   A        B        C        D        E       F      G
               +--------+--------+--------+--------+--------+-----+--------+
         Total |   6390 |   6090 |    300 |    361 |   4308 |   9 |  710.0 |
       Dungeon |   6343 |   6063 |    280 |    361 |   4287 |   8 |  792.9 |
        Temple |     46 |     26 |     20 |      0 |     21 |   1 |   46.0 |
               +--------+--------+--------+--------+--------+-----+--------+

Top non-repeatable levels by time:
     D:4: 1219 daAuts
     D:2: 998 daAuts
     D:7: 995 daAuts
     D:6: 974 daAuts
     D:1: 814 daAuts
     D:3: 645 daAuts
     D:5: 609 daAuts
     D:8: 86 daAuts
  Temple: 46 daAuts

Levels and vault maps discovered:
D:1:      ebering_trefoil_twist, layout_basic, serial_shops,
          nicolae_shop_drivethru, dilly_ecumenical_altar_fadedgnrine
D:2:      layout_loops_ring, basic_altar, chequers_serial_rivers_micro_b,
          minmay_misc_feat_iff
D:3:      layout_basic, serial_shops, shop
D:4:      layout_loops_ring, mainiacjoe_overflow_concentric_impassable,
          uniq_crazy_yiuf_cottage
D:5:      layout_rooms, chequers_serial_rivers_marsh, minmay_misc_feat_alley
D:6:      layout_basic, uniq_blork_the_orc
D:7:      layout_basic, minmay_temple_entry_stoned_glass
D:8:      layout_rooms, minmay_pinched_square
Temple:   minmay_crystal_snake_temple
